 Dungeon Crawl Stone Soup version 0.18.1-50-g88ac8fd (webtiles) character file.

239 Dioneo the Distorting Draconian (level 5, -5/47 HPs)
             Began as a Draconian Abyssal Knight on Oct 13, 2016.
             Was a Believer of Lugonu.
             Killed by divine providence
             ... invoked by an orc priest
              (12 damage)
             ... on level 4 of the Dungeon.
             The game lasted 00:11:49 (5212 turns).

Dioneo the Distorting Draconian (DrAK)              Turns: 5212, Time: 00:11:49

Health: -5/47      AC:  7    Str: 15    XL:     5   Next: 79%
Magic:  8/8        EV: 12    Int: 12    God:    Lugonu [**....]
Gold:   73         SH:  0    Dex: 11    Spells: 0 memorised, 4 levels left

rFire  . . .     SeeInvis .     a - +1 mace
rCold  . . .     Gourm    .     (armour unavailable)
rNeg   . . .     Faith    .     (no shield)
rPois  .         Spirit   .     (helmet restricted)
rElec  .         Dismiss  .     (no cloak)
rCorr  .         Reflect  .     (no gloves)
SustAt .         Harm     .     i - +1 pair of boots
MR     .....                    (no amulet)
Stlth  +.........               (no ring)
                                (no ring)

@: not resistant to hostile enchantments, very unstealthy
A: unfitting armour, cold-blooded, AC +5
a: Depart the Abyss, Bend Space, Renounce Religion


You were on level 4 of the Dungeon.
You worshipped Lugonu.
Lugonu was pleased with you.
You were not hungry.

You visited 1 branch of the dungeon, and saw 4 of its levels.
You visited the Abyss 1 time.

You collected 73 gold pieces.

Inventory:

Hand Weapons
 a - a +1 mace (weapon)
Armour
 i - a +1 pair of boots (worn)
Jewellery
 m - a +3 ring of dexterity {unknown}
Scrolls
 f - a scroll of teleportation
 k - a scroll of fog
 q - 2 scrolls of remove curse {unknown}
 s - a scroll of magic mapping
 u - a scroll of enchant weapon {unknown}
Potions
 c - a potion of lignification {unknown}
 e - 3 potions of haste
 h - a potion of brilliance
 l - a potion of flight
 n - a potion of cancellation {unknown}
 o - a potion of curing
 p - a potion of heal wounds {unknown}
 v - 2 potions of mutation
Comestibles
 b - 5 bread rations
 d - 6 fruits
 g - 4 meat rations
 j - a chunk of flesh
 r - a beef jerky


   Skills:
 + Level 4.5 Fighting
 + Level 3.4 Maces & Flails
 - Level 2.1 Dodging
 * Level 4.9 Invocations


You had 4 spell levels left.
You didn't know any spells.

Dungeon Overview and Level Annotations

Branches:
Dungeon (4/15)
 Temple: D:4-7

Altars:
Nemelex Xobeh

Annotations:
D:4 anadir's ghost, amateur HEFE


Innate Abilities, Weirdness & Mutations

Your plain brown scales are hard (AC +5).
Your body does not fit into most forms of armour.
You are cold-blooded and may be slowed by cold attacks.


Message History

The orc priest is lightly wounded.
The orc priest barely misses you.
You barely miss the orc priest.
The orc priest is lightly wounded.
The orc priest hits you but does no damage.
You closely miss the orc priest.
The orc priest is lightly wounded.
You hit the orc.
You tail-slap the orc, but do no damage.
The orc is heavily wounded.
The orc closely misses you.
You hit the orc.
You kill the orc!
Lugonu accepts your kill.
The orc priest invokes the aid of Beogh against you.
Beogh smites you!
* * * LOW HITPOINT WARNING * * *
The orc priest invokes the aid of Beogh against you.
Beogh smites you!
You die...

#.# #.. #.# #.# #.#
########## #)# #........#
#.# #........# #.# ..
#........# #@######..
###........#####o#...... .
..'........'..............
###........###.......##...
############............
.........).....#
##...(<.(### ######.......
##.(...


You could see an orc priest.

Vanquished Creatures
  A crimson imp (D:4)
  A worker ant (D:3)
  8 adders
  An adder skeleton (D:4)
  2 worms (D:3)
  2 dart slugs
  4 giant geckos
  10 orcs
  A ball python (D:2)
  4 bats
  3 giant cockroaches
  4 goblins
  9 hobgoblins
  4 jackals (D:3)
  12 kobolds
  A quokka (D:2)
  3 giant newts
  A jackal skeleton (D:4)
  16 rats
87 creatures vanquished.

Vanquished Creatures (others)
  A rat (D:1)
1 creature vanquished.

Grand Total: 88 creatures vanquished

Notes
Turn   | Place    | Note
--------------------------------------------------------------
     0 | Abyss:1  | Dioneo the Draconian Abyssal Knight began the quest for the Orb.
     0 | Abyss:1  | Reached XP level 1. HP: 19/19 MP: 2/2
    68 | Abyss:1  | Noticed an iron imp
    68 | Abyss:1  | Noticed an ancient zyme
    69 | D:1      | Escaped the Abyss
   328 | D:1      | Reached * piety under Lugonu
   337 | D:1      | Reached XP level 2. HP: 11/26 MP: 3/3
  1424 | D:2      | Found a sparkling altar of Nemelex Xobeh.
  1660 | D:2      | Reached XP level 3. HP: 31/33 MP: 5/5
  1890 | D:2      | Reached ** piety under Lugonu
  2334 | D:2      | Reached XP level 4. HP: 34/40 MP: 6/6
  3535 | D:3      | Reached XP level 5. HP: 46/46 MP: 8/8
  4113 | D:4      | Noticed anadir's ghost (amateur HEFE)
  5212 | D:4      | Killed from afar by an orc priest

Skill      XL: |  1  2  3  4 |
---------------+-------------+-----
Invocations    | 3 4 |  4.9
Fighting       | 4 |  4.5
Maces & Flails | 3 |  3.4
Dodging        | |  2.1

Action                   |  1- 3 |  4- 6 || total
-------------------------+-------+-------++-------
Melee: Mace              |   140 |   199 ||   339
       Tailslap          |    11 |    21 ||    32
Invok: Depart the Abyss  |     1 |       ||     1
  Use: Scroll            |     3 |     7 ||    10
       Potion            |       |     1 ||     1
 Stab: Sleeping          |       |     2 ||     2
  Eat: Chunk             |     4 |    10 ||    14
Armor: Skin              |    57 |    61 ||   118
Dodge: Dodged            |    94 |   125 ||   219
